Map: Ulrena

Players

Moombaex

  • Race: Terran Terran
  • League: Platinum

ILLBdA - Winner!

  • Race: Protoss Protoss
  • League: Diamond

VOD

Have the link to the VOD?

Description

Time

  • Played on: Dec. 20, 2015, 5:15 p.m.
  • Length: 2:23
Show
View Real Time Build Order
Export as new Build Order

Moombaex Terran 

Build Orders:  

Get SALT Encoding   

  12  0:01  SCV  
  13  0:13  SCV  
  14  0:19  Supply Depot  
  14  0:28  SCV  
  15  0:32  Refinery  
  15  0:41  SCV  
  16  0:47  Barracks  
  16  0:53  SCV  
  17  0:57  Refinery  
  17  1:05  SCV  
  18  1:21  SCV  
  19  1:33  SCV  
  19  1:35  Marine  
  21  1:53  Marine  
Show
View Real Time Build Order
Export as new Build Order

ILLBdA Protoss - Winner!

Build Orders:  

Get SALT Encoding   

  12  0:01  Probe (Chrono Boost)  
  13  0:11  Probe (Chrono Boost)  
  14  0:20  Pylon  
  14  0:22  Probe (Chrono Boost)  
  15  0:38  Probe (Chrono Boost), Forge  
  16  0:48  Probe (Chrono Boost)  
  17  0:59  Probe (Chrono Boost)  
  18  1:09  Probe (Chrono Boost)  
  19  1:12  Pylon  
  19  1:22  Pylon  
  19  1:24  Pylon  
  19  1:32  Pylon  
  19  1:41  Photon Cannon  
  19  1:43  Pylon  
  19  1:54  Photon Cannon  
  18  2:02  Photon Cannon  
  18  2:08  Probe (Chrono Boost)  
  19  2:13  Pylon  
  19  2:22  Photon Cannon  
Tags
 
Matchup
PvT
Replay Pack
me
Add a new tag
Caveats
  • Supply blocks, unpowered buildings, or Contaminate may cause inaccurate times.
  • Supply counts are checked every 10 seconds.